 Dungeon Crawl Stone Soup version 0.25-a0-496-g8c4878dea3 (webtiles) character file.

Game seed: 15059310916566437507, levelgen mode: deterministic

22279 Emblim88 the Hill Orc Cataclysm (level 12, -1/108 HPs)
             Began as a Hill Orc Fighter on Feb 12, 2020.
             Was a High Priest of Qazlal.
             Killed by mirror damage (22 damage)
             ... on level 13 of the Dungeon.
             The game lasted 01:03:14 (16727 turns).

Emblim88 the Hill Orc Cataclysm (Hill Orc Fighter) Turns: 16727, Time: 01:03:14

Health: -1/108     AC: 17    Str: 24    XL:     12   Next: 98%
Magic:  22/22      EV:  7    Int:  8    God:    Qazlal [*****.]
Gold:   533        SH:  7    Dex: 10    Spells: 4/11 levels left

rFire    . . .     SeeInvis .   L - +0 battleaxe (vorpal)
rCold    . . .     Gourm    .   (shield currently unavailable)
rNeg     . . .     Faith    .   K - +0 plate armour
rPois    .         Spirit   .   M - +0 helmet
rElec    .         Reflect  .   v - +0 cloak
rCorr    +         Harm     .   (no gloves)
MR       +....                  (no boots)
Stlth    ..........             (no amulet)
HPRegen  0.28/turn              j - ring of protection from magic
MPRegen  0.18/turn              s - ring of resist corrosion

@: very slightly contaminated, invisible, repel missiles
A: no striking features
a: Upheaval, Elemental Force, Disaster Area, Renounce Religion


You were on level 13 of the Dungeon.
You worshipped Qazlal.
Qazlal was extremely pleased with you.
You were not hungry.

You visited 2 branches of the dungeon, and saw 14 of its levels.
You also visited: Sewer.

You collected 575 gold pieces.
You spent 42 gold pieces at shops.

Inventory:

Hand Weapons
 d - a +0 hunting sling
 y - a +2 war axe of freezing
 E - the +1 whip of the Shoals {venom, rF+ rC+ Int+2}
   (You found it on level 10 of the Dungeon)

   It poisons the flesh of those it strikes.
   It affects your intelligence (+2).
   It protects you from fire.
   It protects you from cold.
 L - a +0 vorpal battleaxe (weapon)
Missiles
 g - 235 stones
 p - 27 poisoned darts
 r - 10 boomerangs (quivered)
Armour
 b - a +1 ring mail of cold resistance
 c - a +0 kite shield
 v - a +0 cloak (worn)
 K - a +0 plate armour (worn)
 M - a +0 helmet (worn)
Magical Staves
 C - an uncursed staff of earth {unknown}
 O - an uncursed staff of death {unknown}
Jewellery
 i - an uncursed ring of wizardry
 j - a ring of protection from magic (left hand)
 l - an uncursed ring of see invisible
 s - a ring of resist corrosion (right hand)
Wands
 B - a wand of random effects (39)
 D - a wand of polymorph (29)
 J - a wand of scattershot (3)
Scrolls
 e - 3 scrolls of remove curse
 m - 3 scrolls of amnesia
 n - 2 scrolls of blinking
 A - 3 scrolls of teleportation
 I - 2 scrolls of magic mapping
 N - 3 scrolls of identify
 P - a scroll of fog {unknown}
Potions
 a - 2 potions of mutation {unknown}
 h - 2 potions of flight {unknown}
 k - 3 potions of brilliance {unknown}
 o - a potion of curing
 u - 3 potions of lignification
 w - 3 potions of cancellation
 z - a potion of ambrosia
 F - 2 potions of might
 Q - a potion of resistance {unknown}
Miscellaneous
 x - a phial of floods
Comestibles
 f - 28 rations


   Skills:
 + Level 10.9 Fighting
 * Level 12.7 Axes
 - Level 2.8 Throwing
 + Level 9.9 Armour
 + Level 10.1 Shields
 - Level 0.4 Hexes
 * Level 13.4 Invocations
 - Level 3.5 Evocations


You had 4 spell levels left.
You knew the following spells:

 Your Spells              Type           Power        Failure   Level  Hunger
a - Gell's Gravitas       Tloc           #.........   100%        3    ####...
b - Cause Fear            Hex            #.........   100%        4    #####..

Your spell library contained the following spells:

 Spells                   Type           Power        Failure   Level  Hunger
 Corona                   Hex            #......      99%         1    ##.....
 Foxfire                  Conj/Fire      #...         99%         1    ##.....
 Freeze                   Ice            #...         99%         1    ##.....
 Summon Small Mammal      Summ           #...         99%         1    ##.....
 Slow                     Hex            #.......     99%         2    ###....
 Call Imp                 Summ           #.......     100%        2    ###....
 Passwall                 Tmut/Erth      #.......     100%        2    ###....
 Swiftness                Chrm/Air       #.......     100%        2    ###....
 Call Canine Familiar     Summ           #.......     100%        3    ####...
 Confusing Touch          Hex            #.......     100%        3    ####...
 Conjure Flame            Conj/Fire      #.......     100%        3    ####...
 Frozen Ramparts          Ice            #.....       100%        3    ####...
 Inner Flame              Hex/Fire       #.......     100%        3    ####...
 Ozocubu's Armour         Chrm/Ice       #.......     100%        3    ####...
 Portal Projectile        Hex/Tloc       #.....       100%        3    ####...
 Summon Guardian Golem    Hex/Summ       #.......     100%        3    ####...
 Hailstorm                Conj/Ice       #.......     100%        4    #####..
 Leda's Liquefaction      Hex/Erth       #.........   100%        4    #####..
 Passage of Golubria      Tloc           N/A          100%        4    #####..
 Petrify                  Tmut/Erth      #.......     100%        4    #####..
 Sticky Flame             Conj/Fire      #.......     100%        4    #####..
 Summon Ice Beast         Ice/Summ       #.......     100%        4    #####..
 Summon Lightning Spire   Summ/Air       #.......     100%        4    #####..
 Bolt of Magma            Conj/Fire/Erth #.........   100%        5    ######.
 Fireball                 Conj/Fire      #.........   100%        5    ######.
 Lee's Rapid Deconstruct  Erth           #.........   100%        5    ######.
 Metabolic Englaciation   Hex/Ice        #.........   100%        5    ######.
 Yara's Violent Unravell  Hex/Tmut       #.........   100%        5    ######.
 Darkness                 Hex            #.........   100%        6    #######
 Invisibility             Hex            #.......     100%        6    #######
 Iron Shot                Conj/Erth      #.........   100%        6    #######
 Statue Form              Tmut/Erth      #........    100%        6    #######
 Shatter                  Erth           #.........   100%        9    #######


Dungeon Overview and Level Annotations

Branches:
Dungeon (14/15)            Temple (1/1) D:4             Orc (0/2) D:10
 Vaults (0/5) D:14          Sewer (visited)
   Lair: D:8-11

Altars:
Ashenzari
Cheibriados
Dithmenos
Elyvilon
Fedhas
Gozag
Hepliaklqana
Kikubaaqudgha
Makhleb
Nemelex Xobeh
Okawaru
Qazlal
Ru
Sif Muna
Trog
Uskayaw
Vehumet
Wu Jian
Xom
Yredelemnul
Zin
The Shining One
Beogh

Shops:
D:5 !

Annotations:
D:5 1 runed translucent door, zaran's ghost, novice HuEn
D:6 1 runed translucent door, Crazy Yiuf
D:11 Harold


Message History

The death knight is heavily wounded.
The death knight offers itself to Yredelemnul, and fills with unholy energy.
You slash the death knight!
The death knight is heavily wounded.
The death knight reflects your damage back at you!
* * * LOW HITPOINT WARNING * * *
The death knight hits you with a +0 morningstar.
* * * LOW HITPOINT WARNING * * *
You feel better.
You hear a shout!
The death knight hits you but does no damage.
You fade into invisibility!
The death knight hits you with a +0 morningstar!
* * * LOW HITPOINT WARNING * * *
You are very lightly contaminated with residual magic.
You chop the death knight into pieces!!!
You kill the death knight!
Qazlal accepts your kill.
Your damage is reflected back at you!
You die...

............................
.........>...................
###........#######..#######..#
#........# #..# ..# #........#
#..# .# #........# ..# #
###........#######°.####
..............○..)......
..............§.@.○.....
####..####..####..###### #..#
#..# #°.# #..# #..# #..# #..#
#..# #..# #..# #..# #..# #..#
#..# #..# #..# #..# #..# ####
#### ####


There were no monsters in sight!

Vanquished Creatures
  2 vault guards (D:14)
  A catoblepas (D:14)
  Erica (D:8)
  2 centaur warriors (D:14)
  A death knight (D:13)
  A two-headed ogre (D:9)
  A wizard (D:14)
  A necromancer (D:14)
  An ugly thing (D:10)
  A centaur zombie (D:14)
  Psyche (D:9)
  4 gargoyles
  A yaktaur (D:13)
  A hornet (D:10)
  Grinder (D:4)
  2 hippogriffs
  A meliai zombie (D:14)
  Sigmund (D:4)
  8 yaks
  Eustachio (D:6)
  2 wyverns
  18 humans (D:14)
  A vampire (D:14)
  2 wraiths
  A steam dragon (D:10)
  Menkaure (D:6)
  4 vampire mosquitoes
  A soldier ant (D:13)
  Duvessa (D:6)
  5 orc warriors
  3 sky beasts
  A black bear (D:8)
  2 eyes of draining
  6 ice beasts
  9 ogres
  5 phantoms
  A boggart (shapeshifter) (D:14)
  A necrophage (D:6)
  10 centaurs
  2 crocodiles
  A big kobold (D:10)
  Blork the orc (D:4)
  8 bullfrogs
  A wyvern zombie (D:14)
  Dowan (D:6)
  4 troll zombies (D:10)
  5 scorpions
  6 wights
  A howler monkey (D:13)
  12 crimson imps
  2 hounds
  2 quasits
  2 jellies
  11 orc wizards
  11 orc priests
  2 bullfrog skeletons
  4 centaur skeletons
  Natasha (twice) (D:3)
  Terence (D:3)
  6 iguanas
  7 worker ants
  4 ogre zombies (D:10)
  2 hound zombies
  A hound skeleton (D:4)
  A worker ant zombie (D:5)
  A howler monkey zombie (D:7)
  6 adders
  15 gnolls
  A river rat (D:5)
  A shadow imp (D:14)
  3 white imps (D:9)
  3 oozes
  3 adder skeletons
  2 adder zombies
  3 worms
  2 dart slugs
  4 leopard geckos
  60 orcs
  3 ball pythons
  A bat zombie (D:2)
  8 giant cockroaches
  10 goblins
  6 hobgoblins
  19 jackals
  12 kobolds
  4 quokkas
  3 bats
  6 frilled lizards
  2 giant cockroach zombies (D:2)
  2 goblin skeletons (D:10)
  A goblin zombie (D:10)
  3 hobgoblin zombies (D:10)
  A leopard gecko skeleton (D:2)
  A leopard gecko zombie (D:5)
  2 orc skeletons (D:10)
  17 orc zombies (D:10)
  6 rats
418 creatures vanquished.

Vanquished Creatures (others)
  2 humans (D:14)
  An orc warrior (D:14)
  2 orc wizards
  An orc (D:10)
  A withered plant (D:5)
7 creatures vanquished.

Grand Total: 425 creatures vanquished

Notes
Turn   | Place    | Note
-------+----------+-------------------------------------------
     0 | D:1      | Emblim88 the Hill Orc Fighter began the quest for the Orb.
     0 | D:1      | Reached XP level 1. HP: 19/19 MP: 1/1
   181 | D:1      | Reached XP level 2. HP: 27/27 MP: 2/2
   885 | D:1      | Reached XP level 3. HP: 6/33 MP: 3/3
   902 | D:1      | HP: 1/33 [poisoned by an adder]
  1288 | D:2      | Found a shadowy altar of Dithmenos.
  1537 | D:2      | Reached XP level 4. HP: 40/40 MP: 4/4
  1723 | D:3      | Noticed Natasha
  1724 | D:3      | Noticed an ogre
  2330 | D:3      | Reached XP level 5. HP: 47/47 MP: 5/5
  2413 | D:3      | Killed an ogre
  2636 | D:3      | Reached XP level 6. HP: 48/55 MP: 6/6
  2683 | D:3      | Learned a level 3 spell: Gell's Gravitas
  2741 | D:3      | Killed Natasha
  2741 | D:3      | Reached skill level 5 in Fighting
  2742 | D:3      | Noticed Terence
  2765 | D:3      | Killed Terence
  2861 | D:3      | Noticed Natasha
  2874 | D:3      | Killed Natasha
  3036 | D:4      | Reached skill level 5 in Axes
  3596 | D:4      | Noticed a phantom
  3615 | D:4      | Killed a phantom
  3615 | D:4      | Reached skill level 5 in Armour
  3615 | D:4      | Reached skill level 5 in Shields
  3615 | D:4      | Reached XP level 7. HP: 58/61 MP: 7/7
  3985 | D:4      | Found a staircase to the Ecumenical Temple.
  3995 | Temple   | Entered the Ecumenical Temple
  4258 | Temple   | Became a worshipper of Qazlal Stormbringer
  4337 | D:4      | Noticed Sigmund
  4338 | D:4      | Noticed Blork the orc
  4384 | D:4      | Killed Sigmund
  4384 | D:4      | Reached skill level 2 in Invocations
  4650 | D:4      | Killed Blork the orc
  4650 | D:4      | Reached XP level 8. HP: 52/70 MP: 8/10
  4873 | D:4      | Noticed Grinder
  4889 | D:4      | Killed Grinder
  4889 | D:4      | Reached skill level 3 in Invocations
  5173 | D:5      | Entered Level 5 of the Dungeon
  5191 | D:5      | Reached skill level 4 in Invocations
  5216 | D:5      | Found Edoph's Distillery.
  5220 | D:5      | Bought a potion of curing for 42 gold pieces
  5321 | D:5      | Found a glowing drain.
  5325 | Sewer    | Entered a sewer
  5472 | Sewer    | Learned a level 4 spell: Cause Fear
  5681 | D:5      | Reached skill level 5 in Invocations
  5709 | D:5      | Found a runed translucent door.
  5713 | D:5      | Noticed zaran's ghost (novice HuEn)
  5802 | D:5      | Reached * piety under Qazlal
  6172 | D:5      | Reached XP level 9. HP: 63/79 MP: 13/13
  6307 | D:5      | Found a hide-covered altar of Uskayaw.
  6411 | D:6      | Noticed Duvessa
  6415 | D:6      | Noticed Dowan
  6418 | D:6      | Reached skill level 1 in Evocations
  6430 | D:6      | Killed Duvessa
  6436 | D:6      | Reached skill level 6 in Invocations
  6439 | D:6      | Killed Dowan
  6538 | D:6      | Noticed Eustachio
  6554 | D:6      | Noticed Menkaure
  6838 | D:6      | Killed Menkaure
  7588 | D:6      | Found a runed translucent door.
  7589 | D:6      | Noticed Crazy Yiuf
  7968 | D:6      | Found a stormy altar of Qazlal.
  8007 | D:6      | Reached skill level 7 in Invocations
  8131 | D:6      | Killed Eustachio
  8131 | D:6      | Reached ** piety under Qazlal
  9091 | D:8      | Noticed Erica
  9111 | D:8      | Killed Erica
  9111 | D:8      | Reached skill level 8 in Invocations
  9111 | D:8      | Reached XP level 10. HP: 53/88 MP: 14/16
  9806 | D:9      | Noticed a gargoyle
  9815 | D:9      | Killed a gargoyle
  9815 | D:9      | Reached skill level 9 in Invocations
  9877 | D:9      | Reached skill level 1 in Throwing
  9879 | D:9      | Reached *** piety under Qazlal
 10247 | D:9      | Found a burning altar of Makhleb.
 10553 | D:9      | Noticed a two-headed ogre
 10566 | D:9      | Killed a two-headed ogre
 10566 | D:9      | Reached skill level 10 in Invocations
 10566 | D:9      | Reached XP level 11. HP: 20/97 MP: 18/18
 10966 | D:9      | Noticed Psyche
 10979 | D:9      | Killed Psyche
 11245 | D:10     | Entered Level 10 of the Dungeon
 11268 | D:10     | Reached **** piety under Qazlal
 11427 | D:10     | Paralysed by a hornet for 3 turns
 11461 | D:10     | Found a staircase to the Orcish Mines.
 12015 | D:10     | Reached ***** piety under Qazlal
 12065 | D:10     | Noticed a purple ugly thing
 12099 | D:10     | Killed a purple ugly thing
 12099 | D:10     | Reached skill level 11 in Invocations
 12145 | D:10     | Got a translucent whip
 12445 | D:10     | Reached skill level 10 in Axes
 12607 | D:10     | Found a roughly hewn altar of Beogh.
 12651 | D:10     | Identified the cursed +1 whip of the Shoals {venom, rF+ rC+
                  | Int+2} (You found it on level 10 of the Dungeon)
 12897 | D:11     | Noticed Harold
 12907 | D:11     | Noticed a manticore
 13218 | D:11     | You fall into a shaft and drop 3 floors!
 13517 | D:13     | Noticed a five-headed hydra
 13519 | D:13     | Noticed a five-headed hydra
 13521 | D:13     | Noticed a death knight
 13614 | D:14     | Noticed a wizard
 13614 | D:14     | Noticed a vault guard
 13638 | D:14     | Killed a wizard
 13647 | D:14     | Reached XP level 12. HP: 78/106 MP: 20/20
 13647 | D:14     | Reached skill level 10 in Fighting
 13651 | D:14     | Killed a vault guard
 13651 | D:14     | Reached skill level 12 in Invocations
 13668 | D:14     | Noticed a vault guard
 13684 | D:14     | Killed a vault guard
 14113 | D:14     | Noticed a centaur warrior
 14127 | D:14     | Killed a centaur warrior
 14166 | D:14     | Found a gate to the Vaults.
 14551 | D:14     | Found a hazy altar of Hepliaklqana.
 14985 | D:13     | Noticed a centaur warrior
 14988 | D:13     | Noticed a catoblepas
 15916 | D:14     | Killed a centaur warrior
 15916 | D:14     | Reached skill level 13 in Invocations
 15918 | D:14     | Killed a catoblepas
 16085 | D:13     | Reached skill level 10 in Shields
 16727 | D:13     | Killed a death knight
 16727 | D:13     | Killed by mirror damage

Levels and vault maps discovered:
D:1:      lemuel_arrival_lava_pool, layout_basic, serial_co_window_serial,
          co_window_corner_a, co_window_paths_b, co_window_of_opportunity_a,
          co_window_paths_b, co_window_of_opportunity_a, co_window_corner_ca,
          co_window_of_opportunity_c, co_window_of_opportunity_b,
          co_window_broadway_b, co_window_paths_c, co_window_paths_e,
          co_window_4corner_a, glass_columns_b, glass_columns_c,
          glass_columns_a, glass_columns_a
D:2:      layout_rooms, serial_undead, serial_undead_d, serial_undead_e,
          serial_undead_c, serial_undead_c, serial_undead_d, serial_undead_a,
          serial_undead_d, serial_undead_a, grunt_dithmenos_smoke
D:3:      layout_basic, first_ration, chequers_serial_rivers_small_a,
          uniq_natasha, uniq_terence
D:4:      layout_basic, minmay_temple_entry_gardened_gates, uniq_blork_the_orc,
          uniq_grinder, uniq_sigmund
D:5:      layout_basic, serial_shops, kennysheep_mini, gammafunk_ghost_grave,
          basic_altar, gup_sewer_entry_bowl
D:6:      layout_basic, nicolae_ossuary_entry_ruins,
          nicolae_qazlal_style_of_elements, uniq_menkaure, uniq_eustachio,
          uniq_crazy_yiuf_cottage, uniq_duvessa
D:7:      layout_basic
D:8:      layout_cave_pools, grunt_ogre_cave, uniq_erica
D:9:      layout_irregular_city, old_standard_altar, minivault_20, minivault_27,
          minmay_nine_imps, uniq_psyche
D:10:     layout_small_grid, zombieorc2_lemuel, special_room [special_room_orc]
D:11:     layout_stronghold, lair_entry_dummy, serial_shops,
          nicolae_shop_temple_entry_statues_fountains, gauntlet_entry_generic,
          uniq_harold
D:13:     hangedman_cross_stitches, layout_small_grid, uniq_nessos
D:14:     minmay_skewed_foursquare, layout_basic, grunt_vaults_entry_tiered,
          minmay_ruined_shrine
Temple:   compressed_dpeg_triangle_lava_temple

Skill      XL: |  1  2  3  4  5  6  7  8  9 10 11 12 |
---------------+-------------------------------------+-----
Axes           | 3 4 5 6 7 8 9 10 12 | 12.7
Fighting       | 4 5 6 7 8 9 10 | 10.9
Shields        | 4 5 6 7 8 9 10 | 10.1
Armour         | 4 5 6 7 8 9 |  9.9
Invocations    | 2 5 8 10 11 13 | 13.4
Evocations     | 3 |  3.5
Throwing       | 2 |  2.8
Hexes          | |  0.4

Action                   |  1- 3 |  4- 6 |  7- 9 | 10-12 || total
-------------------------+-------+-------+-------+-------++-------
Melee: War axe           |    91 |   202 |   319 |   478 ||  1090
       Hand axe          |       |       |   136 |    11 ||   147
       Battleaxe         |       |       |       |   279 ||   279
Throw: Stone             |       |     4 |       |       ||     4
       Dart              |       |     9 |    12 |    79 ||   100
       Boomerang         |       |       |       |    13 ||    13
Invok: Disaster Area     |       |       |       |     1 ||     1
  Use: Potion            |     3 |       |     2 |    10 ||    15
       Scroll            |       |       |    14 |     9 ||    23
 Stab: Invisible         |       |       |       |     4 ||     4
  Eat: Chunk             |     2 |     7 |    14 |    17 ||    40
       Ration            |       |       |     1 |     3 ||     4
Armor: Scale mail        |    47 |    78 |    30 |       ||   155
       Chain mail        |       |       |   103 |       ||   103
       Ring mail         |       |       |     5 |   144 ||   149
       Plate armour      |       |       |       |   186 ||   186
Dodge: Dodged            |    36 |    52 |   119 |   200 ||   407
       Deflected         |       |       |       |    17 ||    17
Block: Kite shield       |    50 |   110 |   275 |   332 ||   767
       Other             |       |       |       |   112 ||   112

Table legend:
 A = Non-vault XP
 B = Vault XP
 C = Vault XP percentage of total XP
 D = Non-vault monster count
 E = Vault monster count
 F = Vault count percentage of total count
                 A         B        C        D         E       F
            +---------+---------+-------+---------+---------+-------
      Total |   16746 |   15082 |  47.4 |     290 |     130 |  31.0
            +---------+---------+-------+---------+---------+-------
        D:1 |      37 |       0 |   0.0 |      10 |       0 |   0.0
        D:2 |      48 |      10 |  17.2 |      22 |       5 |  18.5
        D:3 |     273 |      72 |  20.9 |      27 |       2 |   6.9
        D:4 |     569 |     605 |  51.5 |      22 |       3 |  12.0
        D:5 |     640 |      19 |   2.9 |      20 |       3 |  13.0
        D:6 |     820 |     624 |  43.2 |      25 |       4 |  13.8
        D:7 |     491 |       0 |   0.0 |      25 |       0 |   0.0
        D:8 |     634 |    1056 |  62.5 |      15 |       2 |  11.8
        D:9 |    2903 |    1204 |  29.3 |      32 |      12 |  27.3
       D:10 |    3596 |    1059 |  22.7 |      48 |      51 |  51.5
       D:11 |    1155 |       0 |   0.0 |      10 |       0 |   0.0
       D:13 |    1082 |    1972 |  64.6 |       7 |       5 |  41.7
       D:14 |    4498 |    8344 |  65.0 |      27 |      37 |  57.8
      Sewer |       0 |     117 | 100.0 |       0 |       6 | 100.0
            +---------+---------+-------+---------+---------+-------
